 Dungeon Crawl Stone Soup version 0.31.0-1-g2c135a008e (console) character file.

Game seed: 10846324940900106865

47 AlterAsc the Changeling (level 3, -7/18 HPs)
             Began as a Spriggan Shapeshifter on Jan 21, 2024.
             Mangled by Terence
             ... wielding a +0 flail
              (10 damage)
             ... on level 2 of the Dungeon.
             The game lasted 00:03:32 (1056 turns).

AlterAsc the Changeling (Spriggan Shapeshifter)     Turns: 1056, Time: 00:03:34

Health: -7/18      AC:  2    Str: 10    XL:     3   Next: 48%
Magic:  4/4        EV: 18    Int: 17    God:
Gold:   120        SH:  0    Dex: 16    Spells: 2/2 levels left

rFire   . .          .
                       - Unarmed
rCold   . . .        (no shield)
rNeg    . . .        a - +0 animal skin
rPois   .            (helmet currently unavailable)
rElec   .            (cloak currently unavailable)
rCorr   .            (gloves unavailable)
SInv    +            (boots unavailable)
Will    .....        (no amulet)
Stlth   +            f - +6 ring of intelligence
HPRegen 0.23/turn    (no ring)
MPRegen 0.09/turn

%: no passive effects
@: beast-form, very quick
A: beast (slay +2), very small, no large weapons, unfitting armour, see
invisible, speed 3
a: Begin Untransformation


You were on level 2 of the Dungeon.
You were a hulking beast.
You visited 1 branch of the dungeon, and saw 2 of its levels.

You collected 120 gold pieces.

Inventory:

Armour
 a - a +0 animal skin (worn)
Jewellery
 f - a +6 ring of intelligence (left hand)
Talismans
 c - a beast talisman
 d - a flux talisman
Scrolls
 e - a scroll of torment {unknown}
 g - 2 scrolls of teleportation
 h - 2 scrolls of blinking {unknown}
 i - a scroll of vulnerability {unknown}
 j - 2 scrolls of enchant weapon {unknown}
 k - a scroll of amnesia {unknown}
 l - a scroll of identify {unknown}
Potions
 b - a potion of lignification


   Skills:
 + Level 1.5 Fighting
 + Level 3.5 Dodging
 + Level 2.8 Unarmed Combat
 + Level 4.4 Shapeshifting


You had 2 spell levels left.
You didn't know any spells.
Your spell library was empty.

Dungeon Overview and Level Annotations

Branches:
Dungeon (2/15)

Altars:

Annotations:
D:2 Terence


Innate Abilities, Weirdness & Mutations

You are a hulking beast.
Your limbs bulge with bestial killing power. (Slay +2)
You are very small and have problems with some larger weapons.
You are too small for most types of armour.
You have supernaturally acute eyesight. (SInv)
You cover ground extremely quickly. (Speed+++)


Message History

Terence hits you with a +0 flail.
You hit Terence but do no damage. Terence misses you.
You hit Terence.
Terence is lightly wounded.
Terence hits you with a +0 flail.
You hit Terence.
Terence is moderately wounded.
Terence barely misses you.
You hit Terence but do no damage.
Terence is moderately wounded.
Terence misses you.
You hit Terence but do no damage.
Terence is moderately wounded.
Terence barely misses you.
You closely miss Terence.
Terence is moderately wounded.
Terence completely misses you.
You barely miss Terence.
Terence is moderately wounded.
Terence barely misses you.
You hit Terence but do no damage.
Terence is moderately wounded.
Terence hits you with a +0 flail.
You barely miss Terence.
Terence is moderately wounded.
Terence closely misses you.
You hit Terence but do no damage.
Terence is moderately wounded.
Terence hits you with a +0 flail.
You hit Terence but do no damage.
Terence is moderately wounded.
You closely miss Terence.
Terence is moderately wounded.
Terence hits you with a +0 flail!
Ouch! That really hurt!
* * * LOW HITPOINT WARNING * * *
Terence attacks as he pursues you! Terence hits you with a +0 flail!
Ouch! That really hurt!
You die...
Terence says, "Rest in peace."

.......#
#............######
..###.##
#..<)....#.#......#
..###.#
##........#######.#
.>.....# #....##.##
#.# ..##...#
##.#.###.# #.#
..##...........##.#
#.#
............#.....#
#.#
#.##..#######...###
#.# #.# .# .. #...#
#.# #.# #
#.#...##### #.# #.#
#....!h...# #.#
###..@###.# #.#
#.........# #.# .
#.##..##### #.## ..
####.##.[# #..# ...
..#.##..# ##.# ..
.......#### #.#
#.#.........## #.#
#............. #.#
#........#.######.#
#.........#.......#


You could see Terence.

Vanquished Creatures
  An adder (D:2)
  A ribbon worm (D:2)
  A dart slug (D:1)
  5 bats
  4 endoplasms
  2 goblins
  2 hobgoblins (D:1)
  3 kobolds (D:2)
  4 quokkas
  3 ball pythons
  2 frilled lizards
  2 rats (D:1)
30 creatures vanquished.

Notes
Turn   | Place    | Note
-------+----------+-------------------------------------------
     0 | D:1      | AlterAsc the Spriggan Shapeshifter began the quest for the
                  | Orb.
     0 | D:1      | Reached XP level 1. HP: 9/9 MP: 2/2
    94 | D:1      | Reached skill level 1 in Fighting
   228 | D:1      | Reached XP level 2. HP: 10/14 MP: 3/3
   629 | D:2      | Noticed Terence
   692 | D:2      | Reached XP level 3. HP: 12/18 MP: 4/4
  1056 | D:2      | Mangled by Terence

Illustrated notes

Levels and vault maps discovered:
D:1:      minmay_arrival_four_houses, layout_rooms, serial_forest,
          infiniplex_forest_clump_medium, infiniplex_forest_lined_room_,
          infiniplex_forest_split, infiniplex_forest_clump_medium,
          serial_bayou_pond_e, grunt_decor_fettered
D:2:      layout_loops_ring, basic_altar, uniq_terence, uniq_robin

Skill      XL: |  1 |
---------------+----+-----
Fighting       | 1 |  1.5
Dodging        | 3 |  3.5
Unarmed Combat | |  2.8
Shapeshifting  | |  4.4

Action                     || total
---------------------------++-------
  Melee: Unarmed           ||   115
    Use: Scroll            ||     1
   Stab: Sleeping          ||     2
 Armour: Animal skin       ||    39
  Dodge: Dodged            ||    86
